 Dungeon Crawl Stone Soup version 0.29-a0-284-gf9362112df (webtiles) character file.

Game seed: 1161279955477632675

16 brightf1ame the Chiller (level 2, -2/19 HPs)
             Began as a Human Ice Elementalist on Mar 23, 2022.
             Frozen to death by an endoplasm (5 damage)
             ... on level 1 of the Dungeon.
             The game lasted 00:19:58 (441 turns).

brightf1ame the Chiller (Human Ice Elementalist)     Turns: 441, Time: 00:19:59

Health: -2/19      AC:  3    Str:  8    XL:     2   Next: 70%
Magic:  3/5        EV: 12    Int: 15    God:
Gold:   10         SH:  0    Dex: 13    Spells: 4/5 levels left

rFire   . . .      SeeInvis .   c - +0 whip
rCold   . . .      Faith    .   (no shield)
rNeg    . . .      Spirit   .   a - +1 robe
rPois   .          Reflect  .   (no helmet)
rElec   .          Harm     .   (no cloak)
rCorr   .          Rampage  .   (no gloves)
Will    .....                   (no boots)
Stlth   ++........              (no amulet)
HPRegen 0.06/turn               (no ring)
MPRegen 0.09/turn               (no ring)

@: no status effects
A: no striking features
a: no special abilities


You were on level 1 of the Dungeon.
You visited 1 branch of the dungeon, and saw 1 of its levels.

You collected 10 gold pieces.

Inventory:

Hand Weapons
 b - a +0 dagger
 c - a +0 whip (weapon)
Armour
 a - a +1 robe (worn)
Potions
 d - a potion of invisibility {unknown}


   Skills:
 + Level 2.0 Dodging
 + Level 2.2 Stealth
 + Level 2.1 Spellcasting
 + Level 4.4 Ice Magic


You had 4 spell levels left.
You knew the following spells:

 Your Spells              Type           Power      Damage    Failure   Level
a - Freeze                Ice            56%        1d7       3%          1

Your spell library contained the following spells:

 Spells                   Type           Power      Damage    Failure   Level
 Frozen Ramparts          Ice            28%        1d4       11%         3
 Ozocubu's Armour         Ice            14%        N/A       11%         3
 Gell's Gravitas          Tloc           1%         N/A       54%         3
 Lesser Beckoning         Tloc           1%         N/A       54%         3
 Teleport Other           Tloc           1%         N/A       54%         3
 Hailstorm                Conj/Ice       8%         3d4       65%         4


Dungeon Overview and Level Annotations

Branches:
Dungeon (1/15)

Altars:


Message History

The rat is severely wounded.
The rat bites you but does no damage.
You closely miss the rat.
The rat is severely wounded.
The rat barely misses you.
You hit the rat.
You kill the rat!
Found 10 gold pieces.
You now have 10 gold pieces.
A kobold comes into view. It is wielding a +0 short sword.
A hobgoblin comes into view.
The hobgoblin shouts!
An endoplasm comes into view.
A giant cockroach comes into view.
The hobgoblin hits you.
The kobold shouts!
You hit the hobgoblin.
The hobgoblin is severely wounded.
The endoplasm freezes you.
You are frozen.
The hobgoblin hits you. The hobgoblin attacks as you move away!
The hobgoblin hits you.
* * * LOW HITPOINT WARNING * * *
Casting: Freeze (safe; 3% risk of failure)
Confirm with . or Enter, or press ? or * to list all spells.
Aiming: Freeze (safe; 3% risk of failure)
Press: ? - help, Shift-Dir - straight line, f - hobgoblin
Aim: a hobgoblin (severely wounded)
You freeze the hobgoblin!
You kill the hobgoblin!
The endoplasm barely misses you.
Casting: Freeze (safe; 3% risk of failure)
Confirm with . or Enter, or press ? or * to list all spells.
Aiming: Freeze (safe; 3% risk of failure)
Press: ? - help, Shift-Dir - straight line, f - giant cockroach
Aim: a giant cockroach You freeze the giant cockroach.
The giant cockroach is moderately wounded.
The giant cockroach bites you but does no damage.
The endoplasm freezes you.
You are frozen.
You die...

##.............###.....# #).##
#################.....######....
................#.###
######.....####.#...# #
#.............†)###.# ..
#............)......#
...#..............######
....................
...#.∩.@∩..∩..♣...###
#..BJK.........#
#..............#
#.8..∩..♣..∩...#
#..............# #............
#....♣..♣..8 #...........
#...........


You could see an endoplasm, a giant cockroach and a kobold.

Vanquished Creatures
  2 endoplasms (D:1)
  A giant cockroach (D:1)
  A goblin (D:1)
  A hobgoblin (D:1)
  6 kobolds (D:1)
  3 ball pythons (D:1)
  2 rats (D:1)
16 creatures vanquished.

Notes
Turn   | Place    | Note
-------+----------+-------------------------------------------
     0 | D:1      | brightf1ame the Human Ice Elementalist began the quest for
                  | the Orb.
     0 | D:1      | Reached XP level 1. HP: 13/13 MP: 3/3
   153 | D:1      | Reached XP level 2. HP: 11/19 MP: 3/5
   441 | D:1      | Frozen to death by an endoplasm

Illustrated notes

Levels and vault maps discovered:
D:1:      dpeg_arrival_three_smaller_balls, layout_basic,
          hellmonk_ecumenical_altar_arch_garden, kennysheep_pointless_box

Action                   || total
-------------------------++-------
Melee: Dagger            ||    10
       Unarmed           ||     5
       Whip              ||    15
 Cast: Freeze            ||    15
  Use: Potion            ||     2
       Scroll            ||     1
 Stab: Sleeping          ||     3
Armor: Robe              ||    10
Dodge: Dodged            ||    32

Table legend: (Time is in decaauts)
 A = Elapsed time spent in this place.
 B = Non-inter-level travel time spent in this place.
 C = Inter-level travel time spent in this place.
 D = Time resting spent in this place.
 E = Time spent auto-exploring this place.
 F = Levels seen in this place.
 G = Mean time per level.
                   A        B        C        D        E       F      G
               +--------+--------+--------+--------+--------+-----+--------+
         Total |    441 |    116 |    325 |      0 |      0 |   1 |  441.0 |
       Dungeon |    441 |    116 |    325 |      0 |      0 |   1 |  441.0 |
               +--------+--------+--------+--------+--------+-----+--------+

Top non-repeatable levels by time:
     D:1: 441 daAuts
